 Dungeon Sprint DCSS version 0.28-a0-410-gbef64dd269 (webtiles) character file.

Game seed: 17923279093990882130

1286 dolemite99 the Cleaver (level 8, -2/82 HPs)
             Began as a Hill Orc Fighter on Sept 6, 2021.
             Was an Initiate of Hepliaklqana.
             Killed by divine providence
             ... invoked by an orc priest
              (11 damage)
             ... in the Dungeon (Sprint III: "The Ten Rune Challenge").
             The game lasted 00:04:38 (953 turns).

dolemite99 the Cleaver (Hill Orc Fighter)            Turns: 953, Time: 00:04:39

Health: -2/82      AC:  8    Str: 21    XL:     8   Next: 55%
Magic:  12/17      EV: 10    Int:  8    God:    Hepliaklqana [......]
Gold:   23         SH:  4    Dex: 10    Spells: 7/7 levels left

rFire   . . .      SeeInvis .   a - +0 war axe
rCold   . . .      Faith    .   c - +0 buckler
rNeg    . . .      Spirit   .   b - +0 scale mail
rPois   .          Reflect  .   (no helmet)
rElec   .          Harm     .   (no cloak)
rCorr   .          Rampage  .   (no gloves)
Will    .....      NoTele   +   (no boots)
Stlth   ..........              (no amulet)
HPRegen 0.23/turn               (no ring)
MPRegen 0.15/turn               (no ring)

@: no status effects
A: no striking features
a: Renounce Religion, Convert to Beogh


You were in the Dungeon.
You worshipped Hepliaklqana.
Hepliaklqana was noncommittal.
You visited 1 branch You collected 23 gold pieces.

Inventory:

Hand Weapons
 a - a +0 war axe (weapon)
Armour
 b - a +0 scale mail (worn)
 c - a +0 buckler (worn)
Scrolls
 g - 2 scrolls of torment
 j - a scroll of blinking
Potions
 f - 2 potions of mutation
 h - 3 potions of magic
 m - 2 potions of flight


   Skills:
 - Level 11.1 Fighting
 - Level 12.4 Axes
 - Level 10.2 Armour
 - Level 4.0 Shields
 + Level 12.0 Invocations


You had 7 spell levels left.
You didn't know any spells.
Your spell library was empty.

Dungeon Overview and Level Annotations

Branches:
Dungeon (1/1)

Altars:
Cheibriados
Dithmenos
Fedhas
Gozag
Hepliaklqana
Makhleb
Nemelex Xobeh
Qazlal
Ru
Xom
Yredelemnul
Jiyva
Lugonu

Shops:
D (


Message History

You hit the orc warrior.
The orc warrior is severely wounded.
You closely miss the orc warrior.
The orc warrior is severely wounded.
The orc warrior completely misses you.
You closely miss the orc warrior.
The orc warrior is severely wounded.
The orc warrior hits you with a +0 dire flail.
* * * LOW HITPOINT WARNING * * *
You slash the orc warrior!
You kill the orc warrior!
You hit the orc wizard.
The orc wizard is lightly wounded.
The orc wizard hits you but does no damage.
You slash the orc wizard!
You kill the orc wizard!
You barely miss the orc. The orc barely misses you.
You barely miss the orc. The orc barely misses you.
You hit the orc.
The orc is moderately wounded.
The orc hits you with a +0 flail.
* * * LOW HITPOINT WARNING * * *
You slash the orc!
You kill the orc!
You slash the orc!
You kill the orc!
You closely miss the orc. The orc hits you with a +0 hand axe.
* * * LOW HITPOINT WARNING * * *
You hit the orc but do no damage. The orc closely misses you.
You completely miss the orc. The orc hits you with a +0 hand axe.
* * * LOW HITPOINT WARNING * * *
You slice the orc!!
You kill the orc!
Your Invocations skill increases to level 12!
You hit the orc.
The orc is lightly wounded.
The orc closely misses you.
The orc priest calls down the wrath of Beogh upon you.
Beogh smites you!
You die...

.#..###+#+###'##oo...oo.
'#..#.........†#$$.o.o.o
#...'.⌠........#$#
#...#...######+#o#
....#.⌠.#__#...#o#### #
....#...#__#...#.o..#.#
....#+###__#...##.#..#
....# #__#...'##o#.#
....# #__'...#@oo# .#
▓▓▓▓▓ ▓▓▓▓▓▓▓▓▓▓▓▓ ▓


You could see an orc priest and 2 orcs.

Vanquished Creatures
  An orc sorcerer (D)
  A shadow (D)
  2 orc warriors (D)
  A necrophage (D)
  3 two-headed ogres (D)
  A water elemental (D)
  A jelly (D)
  An orc priest (D)
  Jessica (D)
  A necromancer (D)
  An orc wizard (D)
  A human (D)
  A wolf (D)
  7 orcs (D)
  2 rats (D)
25 creatures vanquished.

Vanquished Creatures (others)
  A hydra (D)
  2 plants (D)
3 creatures vanquished.

Grand Total: 28 creatures vanquished

Notes
Turn   | Place    | Note
-------+----------+-------------------------------------------
     0 | D        | dolemite99 the Hill Orc Fighter began the quest for the
                  | Orb.
     0 | D        | Reached XP level 1. HP: 19/19 MP: 1/1
    95 | D        | Noticed Jessica
   102 | D        | Killed Jessica
   103 | D        | Reached XP level 2. HP: 26/26 MP: 2/2
   103 | D        | Reached XP level 3. HP: 31/31 MP: 3/3
   291 | D        | Killed an eight-headed hydra
   303 | D        | Reached skill level 10 in Axes
   303 | D        | Reached XP level 4. HP: 27/39 MP: 4/4
   418 | D        | Noticed a water elemental
   428 | D        | Killed a water elemental
   429 | D        | Reached XP level 5. HP: 45/45 MP: 5/5
   469 | D        | Noticed a shadow
   475 | D        | Killed a shadow
   476 | D        | Reached XP level 6. HP: 59/61 MP: 6/6
   551 | D        | Found a blossoming altar of Fedhas.
   551 | D        | Found a stormy altar of Qazlal.
   551 | D        | Noticed a spatial vortex
   552 | D        | Found a snail-covered altar of Cheibriados.
   552 | D        | Found a burning altar of Makhleb.
   552 | D        | Found a hazy altar of Hepliaklqana.
   552 | D        | Found a shimmering altar of Xom.
   552 | D        | Found an opulent altar of Gozag.
   552 | D        | Found a sparkling altar of Nemelex Xobeh.
   552 | D        | Found a corrupted altar of Lugonu.
   552 | D        | Found a viscous altar of Jiyva.
   619 | D        | Became a worshipper of Hepliaklqana the Forgotten
   631 | D        | Found a shadowy altar of Dithmenos.
   631 | D        | Noticed a necrophage
   635 | D        | Killed a necrophage
   636 | D        | Found a basalt altar of Yredelemnul.
   636 | D        | Found a sacrificial altar of Ru.
   781 | D        | Noticed a two-headed ogre
   781 | D        | Noticed a two-headed ogre
   781 | D        | Noticed a two-headed ogre
   789 | D        | Killed a two-headed ogre
   790 | D        | Reached skill level 10 in Fighting
   790 | D        | Reached XP level 7. HP: 72/72 MP: 7/7
   800 | D        | Reached skill level 10 in Armour
   887 | D        | Found Oderch's Weapon Boutique.
   890 | D        | Noticed an orc sorcerer
   906 | D        | Reached skill level 1 in Invocations
   934 | D        | Killed an orc sorcerer
   935 | D        | Reached XP level 8. HP: 20/82 MP: 10/16
   953 | D        | Killed from afar by an orc priest

Illustrated notes

Levels and vault maps discovered:
D:        dungeon_sprint_mu [sprint_mu_entry_cave, sprint_mu_temple_rooms,
          sprint_mu_d1_spiders, sprint_mu_d2_genie, sprint_mu_d3_branching,
          sprint_mu_orc_legion, sprint_mu_elf_gauntlet, sprint_mu_hive_nellie,
          sprint_mu_lair_fedhas, sprint_mu_vaults_butterflies,
          sprint_mu_slime_circle, sprint_mu_swamp_cave, sprint_mu_snake_twists,
          sprint_mu_blade_basic, sprint_mu_crypt_lich, sprint_mu_tomb_spiral,
          sprint_mu_vestibule_basic, sprint_mu_gehenna_hellfire,
          sprint_mu_dis_giant, sprint_mu_tartarus_statrot,
          sprint_mu_cocytus_islands, sprint_mu_zot1]

Skill      XL: |  1  2  3  4  5  6  7  8 |
---------------+-------------------------+-----
Axes           | 8 10 12 | 12.4
Fighting       | 8 10 11 | 11.1
Armour         | 7 9 10 | 10.2
Invocations    | 11 12 | 12.0
Shields        | 4 |  4.0

Action                   |  1- 3 |  4- 6 |  7- 9 || total
-------------------------+-------+-------+-------++-------
Melee: War axe           |    26 |    27 |    58 ||   111
  Use: Potion            |     2 |     3 |     2 ||     7
       Scroll            |       |     3 |       ||     3
Armor: Scale mail        |     9 |       |     8 ||    17
       Skin              |       |     2 |     3 ||     5
Dodge: Dodged            |    14 |     7 |    14 ||    35
Block: Buckler           |     2 |     7 |     2 ||    11

Table legend: (Time is in decaauts)
 A = Elapsed time spent in this place.
 B = Non-inter-level travel time spent in this place.
 C = Inter-level travel time spent in this place.
 D = Time resting spent in this place.
 E = Time spent auto-exploring this place.
 F = Levels seen in this place.
 G = Mean time per level.
                   A        B        C        D        E       F      G
               +--------+--------+--------+--------+--------+-----+--------+
         Total |    936 |    936 |      0 |    638 |     24 |   1 |  936.0 |
       Dungeon |    936 |    936 |      0 |    638 |     24 |   1 |  936.0 |
               +--------+--------+--------+--------+--------+-----+--------+

Top non-repeatable levels by time:
       D: 936 daAuts
